 Dungeon Crawl Stone Soup version 0.27-a0-1177-g245c70e (webtiles) character file.

Game seed: 11747151930612758206

100 Meow the Stinger (level 4, 36/36 HPs)
             Began as a Naga Venom Mage on May 16, 2021.
             Quit the game on level 2 of the Dungeon.
             The game lasted 00:09:50 (1551 turns).

Meow the Stinger (Naga Venom Mage)                  Turns: 1551, Time: 00:09:50

Health: 36/36      AC:  6    Str: 10    XL:     4   Next: 73%
Magic:  4/7        EV: 10    Int: 17    God:
Gold:   63         SH:  0    Dex: 11    Spells: 0/7 levels left

rFire    . . .     SeeInvis +   a - +0 rapier
rCold    . . .     Faith    .   (no shield)
rNeg     . . .     Spirit   .   b - +0 robe
rPois    +         Reflect  .   (no helmet)
rElec    .         Harm     .   (no cloak)
rCorr    .         Rampage  .   (no gloves)
Will     .....                  (no barding)
Stlth    +++.......             (no amulet)
HPRegen  0.12/turn              f - +4 ring of protection
MPRegen  0.10/turn              (no ring)

@: short of breath, very slow
A: AC +1, large, see invisible, deformed body, poison resistance, slowness 2,
spit poison 1, naga tail 1
a: Spit Poison


You were on level 2 of the Dungeon.
You visited 1 branch of the dungeon, and saw 2 of its levels.

You collected 63 gold pieces.

Inventory:

Hand Weapons
 a - a +0 rapier (weapon)
Missiles
 d - 20 stones
Armour
 b - a +0 robe (worn)
Jewellery
 f - a +4 ring of protection (left hand)
Scrolls
 e - a scroll of enchant weapon {unknown}
 g - 2 scrolls of noise {unknown}
 h - a scroll of amnesia
 l - a scroll of vulnerability {unknown}
Potions
 c - a potion of mutation {unknown}
 i - a potion of haste {unknown}
 j - a potion of curing {unknown}
 k - a potion of heal wounds {unknown}


   Skills:
 + Level 0.2 Short Blades
 + Level 1.7 Dodging
 + Level 4.6 Stealth
 + Level 2.4 Spellcasting
 + Level 1.2 Transmutations
 + Level 5.6 Poison Magic


You couldn't memorise any spells.
You knew the following spells:

 Your Spells              Type           Power      Damage    Failure   Level
a - Sting                 Tmut/Pois      52%        1d5       4%          1
c - Mephitic Cloud        Conj/Pois/Air  8%         N/A       26%         3
C - Ignite Poison         Fire/Tmut/Pois 9%         N/A       22%         3

Your spell library contained the following spells:

 Spells                   Type           Power      Damage    Failure   Level
 Poisonous Vapours        Pois/Air       22%        N/A       9%          2
 Olgreb's Toxic Radiance  Pois           21%        N/A       19%         4


Dungeon Overview and Level Annotations

Branches:
Dungeon (2/15)

Altars:


Innate Abilities, Weirdness & Mutations

Your serpentine skin is tough. (AC +1)
You have supernaturally acute eyesight. (SInv)
Armour fits poorly on your strangely shaped body.
Your system is resistant to poisons. (rPois)
You cover ground very slowly.
You can spit poison.
You have a snake-like lower body.


Message History

Memorise Ignite Poison, consuming 3 spell levels and leaving 0?
You start memorising the spell.
You continue memorising. x3
You finish memorising.
Spell assigned to 'b'.
Adjust (i)tems, (s)pells, or (a)bilities?
Adjust which spell? b - Ignite Poison Adjust to which letter?
C - Ignite Poison You start resting.
Magic restored.
Okay, then.
There is a stone staircase leading up here.
You now have 63 gold pieces (gained 31).
Things that are here:
a +0 hand axe; an orc corpse
Things that are here:
a +0 short sword; a +0 hand axe; an orc corpse
Things that are here:
a +0 leather armour; a +0 whip
k - a murky blue potion
l - a scroll labelled YNEJ XIYMI Jessica the Apprentice Sorceress comes into view.
She is wielding a +2 vampiric dagger.
Casting: Sting (safe; 4% risk of failure)
Confirm with . or Enter, or press ? or * to list all spells.
The spell is quite dangerous to cast (26% risk of failure)!
Continue anyway?
Aiming: Mephitic Cloud (quite dangerous; 26% risk of failure)
Press: ? - help, Shift-Dir - straight line, f - Jessica
Aim: Jessica, wielding a +2 vampiric dagger and wearing a +0 robe (asleep, chance to affect: 96%)
The ball explodes into a vile cloud!
The stinking cloud engulfs Jessica but does no damage.
Jessica shouts!
Jessica is engulfed in noxious fumes.
Jessica appears confused.
Unknown command.
Press: ? - help, Shift-Dir - straight line, f/p - Jessica
Aim: Jessica, wielding a +2 vampiric dagger and wearing a +0 robe (noxious fumes, lightly wounded, confused)
The splash of poison hits Jessica!
Jessica is poisoned.
You kill Jessica!
Your Stealth skill increases to level 4!
Unknown command.
Are you sure you want to abandon this character and quit the game? (Confirm with "yes".)

#.........# #.####
#.#######.#######.# #
#........#....# # ##
#.###.##.#.#### #
#...###.###.##.#.#######
......................##
#.#####.###.##.#.####.##
#.# #.##.#........ #@#
#.##.#######.#
#)....#...........
################.#
......... ########. #..
########.. ..........
########.#


There were no monsters in sight!

Vanquished Creatures
  Jessica (D:2)
  An orc wizard (D:2)
  An adder (D:2)
  A dart slug (D:1)
  4 orcs (D:2)
  An endoplasm (D:1)
  2 giant cockroaches
  A goblin (D:1)
  A hobgoblin (D:1)
  6 jackals (D:2)
  4 ball pythons
  7 frilled lizards (D:1)
  3 kobolds (D:1)
  2 rats (D:1)
35 creatures vanquished.

Notes
Turn   | Place    | Note
-------+----------+-------------------------------------------
     0 | D:1      | Meow the Naga Venom Mage began the quest for the Orb.
     0 | D:1      | Reached XP level 1. HP: 15/15 MP: 3/3
   397 | D:1      | Reached XP level 2. HP: 22/22 MP: 5/5
  1040 | D:1      | Found a faded altar of an unknown god.
  1187 | D:2      | Reached XP level 3. HP: 28/28 MP: 3/6
  1193 | D:1      | Learned a level 3 spell: Mephitic Cloud
  1325 | D:2      | Reached skill level 5 in Poison Magic
  1444 | D:2      | Reached XP level 4. HP: 28/36 MP: 2/7
  1449 | D:2      | Learned a level 3 spell: Ignite Poison
  1542 | D:2      | Noticed Jessica
  1547 | D:2      | Killed Jessica
  1551 | D:2      | Quit the game

Illustrated notes

Levels and vault maps discovered:
D:1:      elethiomel_arrival_shortcut, layout_basic, serial_glass,
          glass_columns_b, glass_columns_b, due_unseen_surprise,
          feat_on_display, item_on_display_a, feat_on_display,
          hellmonk_ecumenical_altar_leap_of_faith, minmay_lizard_pond
D:2:      layout_basic, patterned_corridor, uniq_jessica

Skill      XL: |  1  2  3  4 |
---------------+-------------+-----
Poison Magic   | 5 |  5.6
Stealth        | 4 |  4.6
Short Blades   | |  0.2
Dodging        | |  1.7
Spellcasting   | |  2.4
Transmutations | |  1.2

Action                   |  1- 3 |  4- 6 || total
-------------------------+-------+-------++-------
Melee: Rapier            |     3 |       ||     3
 Cast: Sting             |    26 |       ||    26
       Mephitic Cloud    |       |     1 ||     1
 Abil: Spit Poison       |    37 |     1 ||    38
  Use: Scroll            |     1 |       ||     1
Armor: Robe              |     7 |       ||     7
Dodge: Dodged            |     7 |       ||     7

Table legend: (Time is in decaauts)
 A = Elapsed time spent in this place.
 B = Non-inter-level travel time spent in this place.
 C = Inter-level travel time spent in this place.
 D = Time resting spent in this place.
 E = Time spent auto-exploring this place.
 F = Levels seen in this place.
 G = Mean time per level.
                   A        B        C        D        E       F      G
               +--------+--------+--------+--------+--------+-----+--------+
         Total |   2027 |   1924 |    103 |    218 |   1388 |   2 | 1013.5 |
       Dungeon |   2027 |   1924 |    103 |    218 |   1388 |   2 | 1013.5 |
               +--------+--------+--------+--------+--------+-----+--------+

Top non-repeatable levels by time:
     D:1: 1654 daAuts
     D:2: 372 daAuts
